 Dungeon Crawl Stone Soup version 0.28-a0-1395-g4f6bc678fa (webtiles) character file.

Game seed: 13964468920243764580

79 Cheeritup the Chopper (level 4, 0/39 HPs)
             Began as a Palentonga Fighter on Jan 4, 2022.
             Slain by a river rat (1 damage)
             ... in a sewer.
             The game lasted 00:06:25 (1658 turns).

Cheeritup the Chopper (Palentonga Fighter)          Turns: 1658, Time: 00:06:26

Health: 0/39       AC:  6    Str: 21    XL:     4   Next: 16%
Magic:  4/4        EV:  8    Int:  9    God:
Gold:   121        SH:  0    Dex:  9    Spells: 3/3 levels left

rFire   . . .      SeeInvis +   i - +0 battleaxe
rCold   . . .      Faith    .   (shield currently unavailable)
rNeg    . . .      Spirit   .   m - +0 ring mail
rPois   .          Reflect  .   (no helmet)
rElec   .          Harm     .   (no cloak)
rCorr   .          Rampage  .   (no gloves)
Will    .....                   (no barding)
Stlth   ..........              (no amulet)
HPRegen 0.13/turn               k - ring of see invisible
MPRegen 0.09/turn               (no ring)

@: mighty, lethally poisoned (0 -> -12), very slow
A: large, rugged brown scales 3, see invisible, deformed body, roll 1, armoured
tail
a: Rolling Charge


You were in a sewer.
You visited 1 branch of the dungeon, and saw 3 of its levels.
You also visited: Sewer.

You collected 121 gold pieces.

Inventory:

Hand Weapons
 a - a +0 war axe
 i - a +0 battleaxe (weapon)
 q - a +0 short sword of holy wrath
Missiles
 l - 4 atropa-tipped darts (quivered)
Armour
 b - a +0 scale mail
 c - a +0 buckler
 g - a +0 crystal plate armour
 m - a +0 ring mail (worn)
Jewellery
 k - a ring of see invisible (left hand)
Scrolls
 e - 3 scrolls of identify {unknown}
 f - 2 scrolls of immolation {unknown}
 h - 2 scrolls of enchant armour {unknown}
 j - a scroll of blinking {unknown}
 n - a scroll of noise {unknown}
 o - a scroll of fear {unknown}
Potions
 p - a potion of flight {unknown}
 r - 2 potions of cancellation {unknown}


   Skills:
 + Level 3.7 Fighting
 * Level 3.8 Axes
 - Level 2.4 Armour
 - Level 2.4 Shields


You had 3 spell levels left.
You didn't know any spells.
Your spell library contained the following spells:

 Spells                   Type           Power      Damage    Failure   Level
 Sting                    Tmut/Pois      0%         1d3       54%         1
 Poisonous Vapours        Pois/Air       0%         N/A       69%         2
 Olgreb's Toxic Radiance  Pois           0%         N/A       100%        4


Dungeon Overview and Level Annotations

Branches:
Dungeon (3/15)              Sewer (1/1)

Altars:

Annotations:
D:2 Sigmund


Innate Abilities, Weirdness & Mutations

You are completely covered in rugged brown scales. (AC +3, +7% HP)
You have supernaturally acute eyesight. (SInv)
Armour fits poorly on your strangely shaped body.
You can roll at nearby foes to attack.
You have a long armoured tail.


Message History

The poisoned dart completely misses you.
The river rat bites you.
The kobold brigand throws a poisoned dart.
The poisoned dart hits you!
You are poisoned.
You hit the river rat but do no damage. You tail-slap the river rat.
The river rat is almost dead.
You feel very sick.
The river rat bites you but does no damage.
The kobold brigand throws a poisoned dart.
The poisoned dart hits you!
You are more poisoned.
You closely miss the river rat.
The river rat is almost dead.
You feel very sick. The river rat closely misses you.
The river rat bites you but does no damage.
The kobold hits you with a +0 short sword.
Why would you want to do that?
Unknown command.
You feel very mighty all of a sudden.
You feel sick. The river rat bites you.
The kobold hits you with a +0 short sword.
You barely miss the river rat.
Your tail-slap misses the river rat.
The river rat is almost dead.
You slash the kobold!
You kill the kobold!
You feel sick. The river rat bites you.
* * * LOW HITPOINT WARNING * * *
The kobold brigand throws a poisoned dart.
The poisoned dart hits you!
You are lethally poisoned!
You closely miss the river rat.
The river rat is almost dead.
* * * LOW HITPOINT WARNING * * *
You feel very sick. The river rat bites you.
* * * LOW HITPOINT WARNING * * *
The river rat bites you.
You die...

.## ##≈≈.## ##.≈≈##
##.≈.## ## ##≈## ##≈##
##≈## # #≈# #≈# #≈# #
#≈≈ #≈# #≈# # #≈## #≈#
#≈# # #≈# ##≈## ##≈## .
.≈. ##.≈.## ##≈..## .
!≈..#####.≈..≈####≈.≈≈≈#
..
≈≈≈≈≈≈≈@K∩..≈≈w≈.....#
..
?.#####r).∩.####≈≈≈..#
.## ##≈.≈## ##≈..##
##≈## ##### #≈# #≈# #≈#
... ..≈


You could see a kobold brigand, a worm and a river rat.

Vanquished Creatures
  3 adders
  4 worms
  An orc (D:2)
  3 bats
  A giant cockroach (D:1)
  4 goblins
  2 hobgoblins
  2 quokkas (D:1)
  7 ball pythons
  2 frilled lizards
  7 kobolds
  7 rats
43 creatures vanquished.

Vanquished Creatures (others)
  A plant (D:2)
1 creature vanquished.

Grand Total: 44 creatures vanquished

Notes
Turn   | Place    | Note
-------+----------+-------------------------------------------
     0 | D:1      | Cheeritup the Palentonga Fighter began the quest for the
                  | Orb.
     0 | D:1      | Reached XP level 1. HP: 19/19 MP: 1/1
   155 | D:1      | Reached XP level 2. HP: 24/25 MP: 2/2
   911 | D:2      | Found a faded altar of an unknown god.
   914 | D:2      | Reached XP level 3. HP: 27/31 MP: 3/3
  1198 | D:2      | Noticed Sigmund
  1289 | D:3      | Found a glowing drain.
  1309 | Sewer    | Entered a sewer
  1386 | Sewer    | Reached XP level 4. HP: 24/39 MP: 4/4
  1572 | Sewer    | Noticed a kobold brigand
  1658 | Sewer    | HP: 1/39 [river rat (3)]
  1658 | Sewer    | Slain by a river rat

Illustrated notes

Levels and vault maps discovered:
D:1:      kennysheep_arrival_seaside, layout_loops_ring
D:2:      layout_loops_ring, ebering_ecumenical_altar_sacrificial,
          minmay_shallow_snake_nest, uniq_sigmund
D:3:      layout_basic, portal_sewer_entry_a
Sewer:    sewer_co_15_rooms

Skill      XL: |  1  2 |
---------------+-------+-----
Axes           | 3 |  3.8
Fighting       | |  3.7
Armour         | |  2.4
Shields        | |  2.4

Action                   |  1- 3 |  4- 6 || total
-------------------------+-------+-------++-------
Melee: War axe           |    23 |       ||    23
       Tailslap          |     5 |     4 ||     9
       Battleaxe         |    72 |    14 ||    86
 Abil: Rolling Charge    |    19 |     3 ||    22
  Use: Potion            |       |     1 ||     1
Armor: Scale mail        |    33 |       ||    33
       Ring mail         |    16 |     6 ||    22
Dodge: Dodged            |    41 |     6 ||    47
Block: Buckler           |     3 |       ||     3

Table legend: (Time is in decaauts)
 A = Elapsed time spent in this place.
 B = Non-inter-level travel time spent in this place.
 C = Inter-level travel time spent in this place.
 D = Time resting spent in this place.
 E = Time spent auto-exploring this place.
 F = Levels seen in this place.
 G = Mean time per level.
                   A        B        C        D        E       F      G
               +--------+--------+--------+--------+--------+-----+--------+
         Total |   1766 |   1701 |     65 |      0 |   1196 |   4 |  441.5 |
       Dungeon |   1350 |   1285 |     65 |      0 |    986 |   3 |  450.0 |
         Sewer |    415 |    415 |      0 |      0 |    210 |   1 |  415.0 |
               +--------+--------+--------+--------+--------+-----+--------+

Top non-repeatable levels by time:
     D:1: 699 daAuts
     D:2: 558 daAuts
   Sewer: 415 daAuts
     D:3: 92 daAuts
